 Dungeon Crawl Stone Soup version 0.15-a0-1632-gd490d05 (webtiles) character file.

187962 Kenran the Slayer (level 17, -7/123 HPs)
             Began as a Minotaur Berserker on June 21, 2014.
             Was the Champion of Trog.
             Killed from afar by a starcursed mass (8 damage)
             ... with an accursed screaming
             ... on Level 1 of the Abyss.
             The game lasted 03:08:26 (40376 turns).

Kenran the Slayer (Minotaur Berserker)             Turns: 40376, Time: 03:08:26

HP  -7/123       AC 30     Str 21      XL: 17   Next: 89%
MP   2/2         EV 10     Int  7 (8)  God: Trog [******]
Gold 1714        SH  0     Dex 12      Spells:  0 memorised, 16 levels left

rFire  + . .     SeeInvis +     p - +7 great mace "Niqiati Lai" {antimagic, rN+ Int+4}
rCold  + . .     Rnd*Rage +     P - +1 plate armour {rC+}
rNeg   + + .     rCorr    .     (no shield)
rPois  +         rRot     .     k - +1 hat of Vigyw {rF+ Stlth+}
rElec  .         Spirit   .     F - +2 cloak
SustAb .         Warding  +     e - +2 pair of gloves
rMut   .         Rnd*Tele +     y - +0 pair of boots
Gourm  .                        j - amulet of warding
MR     +....                    t - +3 ring of evasion
                                R - ring "Kequgafa" {rPois Int+4 SInv}

@: confused, exhausted, about to teleport, slowed, very slow, somewhat resistant
to hostile enchantments, extremely unstealthy
A: retaliatory headbutt, horns 2, berserk 2, clumsy 2, dopey 2, fast metabolism
1, frail 3, screaming 3, slow healing 1, teleportitis 2, weak 1, no device heal
2
a: Burn Spellbooks, Berserk, Trog's Hand, Brothers in Arms, Renounce Religion


You were on level 1 of the Abyss.
You worshipped Trog.
Trog was exalted by your worship.
You were not hungry.

You visited 5 branches of the dungeon, and saw 34 of its levels.
You visited the Abyss 2 times.

You collected 2554 gold pieces.
You spent 840 gold pieces at shops.

Inventory:

Hand weapons
 a - a +2 antimagic dire flail
 p - the +7 great mace "Niqiati Lai" (weapon) {antimagic, rN+ Int+4}
   (You found it on level 6 of the Dungeon)

   It disrupts the flow of magical energy around spellcasters and certain
   magical creatures (including the wielder).
   It affects your intelligence (+4).
   It protects you from negative energy.
 L - a +3 antimagic great mace
 M - a +3 antimagic mace
 S - the +9 flail of Yeast {flame, rF- rN+}
   (You found it on level 14 of the Dungeon)

   It emits flame when wielded, causing extra injury to most foes and up to
   double damage against particularly susceptible opponents.
   It makes you vulnerable to fire.
   It protects you from negative energy.
Armour
 e - a +2 pair of gloves (worn)
 i - a +1 hat of see invisible
 k - the +1 hat of Vigyw (worn) {rF+ Stlth+}
   (You acquired it on level 2 of the Lair of Beasts)

   It protects you from fire.
   It makes you more stealthy.
 y - a +0 pair of boots (worn)
 F - a +2 cloak (worn)
 H - a +2 pair of gloves
 J - the +3 shield "Schuas" {+Rage rPois rF++, unknown}
   (You took it off Asterion on level 3 of the Elven Halls)

   It greatly protects you from fire.
   It protects you from poison.
   It lets you go berserk.
 P - a +1 plate armour of cold resistance (worn)
Magical devices
 m - a wand of fire (9) {unknown}
 n - a wand of flame (11) {unknown}
 N - a wand of teleportation (8)
Comestibles
 c - 3 bread rations
 w - 3 meat rations
 A - 2 royal jellies
Scrolls
 d - 4 scrolls of teleportation
 g - 3 scrolls of fear
 h - a scroll of identify
 l - 2 scrolls of brand weapon
 s - 2 scrolls of remove curse
 x - 2 scrolls of recharging
 C - 3 scrolls of magic mapping
 G - a scroll of fog
 K - a scroll of silence
 O - 2 scrolls of blinking
 U - a scroll of enchant weapon
Jewellery
 j - an amulet of warding (around neck)
 q - a +1 ring of protection
 t - a +3 ring of evasion (right hand)
 I - an uncursed ring of poison resistance
 Q - an uncursed ring of protection from magic
 R - the ring "Kequgafa" (left hand) {rPois Int+4 SInv}
   (You bought it in a shop on level 1 of the Elven Halls)

   [ring of intelligence]

   It affects your intelligence (+4).
   It protects you from poison.
   It enhances your eyesight.
 T - an uncursed ring of magical power
Potions
 b - 2 potions of haste
 f - 2 potions of curing
 o - 4 potions of might
 v - a potion of flight
 z - a potion of berserk rage
 D - 2 potions of restore abilities
 E - a potion of agility
Miscellaneous
 u - a lamp of fire
Rods
 r - a +2 rod of shadows (10/10)
   (You found it on level 3 of the Lair of Beasts)


   Skills:
 + Level 22.2 Fighting
 - Level 20.2 Maces & Flails
 - Level 20.0 Armour
 - Level 6.4 Dodging


You had 16 spell levels left.
You didn't know any spells.

Dungeon Overview and Level Annotations

Branches:
Dungeon (15/15)            Temple (0/1) D:6             Orc (4/4) D:9
    Elf (3/3) Orc:4          Lair (8/8) D:9          Shoals (0/5) Lair:5
 Spider (4/5) Lair:5        Slime (0/6) Lair:8       Vaults (0/5) D:14
 Depths (0/5) D:15

Altars:
Kikubaaqudgha
Okawaru
Qazlal
Sif Muna
Xom
Yredelemnul
The Shining One
Beogh

Shops:
D:11 ?   D:13 ?   Orc:1 ?   Orc:4 [([=   Elf:1 =   Elf:2 [%(   Elf:3 *


Innate Abilities, Weirdness & Mutations

You reflexively headbutt those who attack you in melee.
You have a pair of horns on your head.
[You often lose your temper in combat.]
[You are very clumsy. (Dex -4)]
[You are very dopey. (Int -4)]
[You have a fast metabolism.]
[You are extremely frail (-30% HP).]
[You frequently scream uncontrollably at your foes.]
[You heal slowly when monsters are visible.]
[Space sometimes distorts in your vicinity.]
[You are weak. (Str -2)]
[Potions and wands are poor at restoring your health.]


Message History

You feel even more weirdly uncertain.
You feel angry.
You feel weaker.
You feel a strong urge to scream.
The starcursed mass shrieks in your mind.
* * * LOW HITPOINT WARNING * * *
Your skin stops crawling.
You feel less resistant to hostile enchantments.
The starcursed mass engulfs you but does no damage.
The golden eye blinks at you. You resist. The golden eye blinks at you.
You are confused.
The golden eye blinks!
The starcursed mass shrieks in your mind.
* * * LOW HITPOINT WARNING * * *
The golden eye blinks at you.
You are more confused.
The starcursed mass shrieks in your mind.
* * * LOW HITPOINT WARNING * * *
The golden eye turns its gaze towards you.
The golden eye blinks at you. You resist.
The starcursed mass shrieks in your mind.
You die...

# .
..##....#..#.
.. #
..§..#....#. .
. . .#.X
..#.... . . ##
##..#....# ..
##G##.#.#..#
#.*##.# ..
##X.X.#.# .
####..#.#
#.§@G§##......
#...###....#..
#..#. .#..#
#.. .# .. #
#...#§ ## . W§
.. ..


You could see a starcursed mass, a freezing wraith (wandering) and a golden eye.

Vanquished Creatures
  Saint Roka (Orc:4)
  A bone dragon (Abyss:1)
  A deep elf blademaster (Elf:3)
  5 tentacled starspawn (Abyss:1)
  Rupert (Lair:6)
  Frances (D:14)
  Kirke (Spider:1)
  An orc warlord (Orc:4)
  A deep elf sorcerer (Elf:3)
  Gastronok (Lair:2)
  A deep elf demonologist (Elf:3)
  A draconian caller (Abyss:1)
  A deep elf annihilator (Elf:3)
  Azrael (D:14)
  Snorg (D:14)
  A yaktaur captain (D:15)
  A deep elf high priest (Elf:3)
  A deep elf death mage (Elf:1)
  3 vault guards (D:14)
  Fannar (Lair:2)
  Nessos (D:14)
  Erica (Lair:7)
  6 hydras
  26 death yaks
  2 orc high priests
  A spectral elf (Elf:1)
  Urug (D:11)
  2 centaur warriors
  7 deep elf knights
  A deep troll shaman (Lair:8)
  3 catoblepae
  A hell hog (Abyss:1)
  2 thrashing horrors (Abyss:1)
  An ice devil (Abyss:1)
  An unseen horror (shapeshifter) (Elf:2)
  2 unseen horrors
  13 orb spiders
  A giant orange brain (Abyss:1)
  A harpy (Spider:1)
  A necromancer (D:14)
  6 deep elf summoners
  2 hill giants
  5 orc sorcerers
  A lindwurm (Lair:8)
  Joseph (Orc:2)
  7 large abominations (Abyss:1)
  9 wolf spiders
  4 red wasps
  7 deep elf conjurers
  A wizard (D:14)
  4 griffons
  A moth of wrath (shapeshifter) (Elf:2)
  A cyclops (D:11)
  2 moths of wrath
  3 sixfirhies
  A worldbinder (Abyss:1)
  A smoke demon (Abyss:1)
  8 elephants
  3 manticores
  A spiny frog (shapeshifter) (D:13)
  An apocalypse crab (Abyss:1)
  6 gargoyles
  15 spiny frogs
  Psyche (D:11)
  2 black mambas (Lair:6)
  An orange demon (Abyss:1)
  A kobold demonologist (D:15)
  10 komodo dragons
  13 demonic crawlers
  2 yaktaurs
  An iron devil (Elf:3)
  6 torpor snails
  A blue devil (Abyss:1)
  5 fire drakes
  8 deep elf priests
  15 jumping spiders
  14 starcursed masses (Abyss:1)
  7 trolls
  Sonja (D:13)
  A polar bear (Lair:8)
  17 raiju (Abyss:1)
  20 blink frogs
  14 slime creatures
  2 boulder beetles
  A griffon zombie (D:12)
  10 trapdoor spiders
  7 wyverns
  A flying skull (Abyss:1)
  18 tarantellas
  11 sharks
  A vampire (Abyss:1)
  5 basilisks
  21 deep elf magi
  A shadow (D:11)
  3 golden eyes (Abyss:1)
  56 yaks
  4 wraiths
  24 redbacks
  5 ynoxinuls (Abyss:1)
  A chaos spawn (Abyss:1)
  A neqoxec (Abyss:1)
  12 hippogriffs
  23 deep elf fighters
  A steam dragon (Lair:5)
  2 fire elementals (D:14)
  A hungry ghost (D:10)
  4 hogs (Spider:1)
  A warg (shapeshifter) (D:13)
  11 ugly things
  17 humans (D:14)
  A mottled dragon (D:12)
  A warg (Orc:2)
  12 porcupines
  2 soldier ants
  18 water moccasins
  4 ice beasts
  3 sky beasts
  8 hell hounds
  2 phantoms
  4 wolves (Lair:8)
  8 ogres
  2 black bears
  8 centaurs
  3 small abominations (Abyss:1)
  3 yellow wasps
  16 spiders
  A tengu (shapeshifter) (Elf:2)
  40 orc warriors
  20 crocodiles
  4 big kobolds
  3 boring beetles
  19 giant frogs
  A cyclops zombie (D:13)
  A gnoll sergeant (D:7)
  10 scorpions
  4 eyes of draining
  6 jellies
  2 electric eels
  A troll skeleton (D:8)
  15 killer bees
  3 quasits
  4 giant frog zombies
  17 hounds
  2 goliath beetles
  23 orc priests
  3 crimson imps
  A giant frog skeleton (D:6)
  2 human zombies (D:14)
  4 big fish
  37 orc wizards
  An iron imp (Abyss:1)
  13 iguanas
  5 orange rats
  12 worker ants
  15 sheep
  An ogre zombie (D:10)
  Ijyb (D:3)
  A big kobold skeleton (D:6)
  A mottled dragon skeleton (D:9)
  2 worker ant zombies (D:6)
  73 green rats
  12 adders
  4 gnolls (D:7)
  A shadow imp (D:13)
  An inept feature mimic (D:7)
  13 white imps
  2 worms
  20 ufetubi (Abyss:1)
  An iguana zombie (D:6)
  An iguana skeleton (D:6)
  7 orc skeletons
  6 giant geckos
  An ooze (D:3)
  143 orcs
  6 giant cockroaches
  21 goblins
  21 hobgoblins
  17 quokkas
  2 ball pythons
  14 bats
  2 giant newts
  A giant spore (D:14)
  A gnoll zombie (D:6)
  31 kobolds
  6 orc zombies (Orc:4)
  A quokka skeleton (D:6)
  18 rats
  3 ballistomycetes
  A bush (D:2)
  4 fungi
  9 plants
  7 starspawn tentacles (Abyss:1)
1394 creatures vanquished.

Vanquished Creatures (collateral kills)
  Asterion (Elf:3)
1 creature vanquished.

Vanquished Creatures (others)
  An orc wizard (D:10)
  2 giant spores
  5 fungi
  10 starspawn tentacles (Abyss:1)
  83 starspawn tentacle segments (Abyss:1)
101 creatures vanquished.

Grand Total: 1496 creatures vanquished

Notes
Turn   | Place    | Note
--------------------------------------------------------------
     0 | D:1      | Kenran, the Minotaur Berserker, began the quest for the Orb.
     0 | D:1      | Reached XP level 1. HP: 19/19 MP: 1/1
   157 | D:1      | Reached skill level 4 in Maces & Flails
   254 | D:1      | Reached XP level 2. HP: 26/26 MP: 1/1
   617 | D:1      | Acquired Trog's second power
   706 | D:2      | Reached skill level 5 in Maces & Flails
   903 | D:2      | Reached XP level 3. HP: 29/31 MP: 2/2
  1035 | D:2      | Found a glowing golden altar of the Shining One.
  1982 | D:3      | Noticed Ijyb
  1993 | D:3      | Killed Ijyb
  1993 | D:3      | Reached skill level 6 in Maces & Flails
  1993 | D:3      | Reached XP level 4. HP: 39/39 MP: 2/2
  2017 | D:3      | Reached XP level 5. HP: 45/45 MP: 2/2
  2048 | D:3      | Reached skill level 7 in Maces & Flails
  2901 | D:4      | Reached skill level 8 in Maces & Flails
  3026 | D:4      | Reached XP level 6. HP: 38/51 MP: 3/3
  3271 | D:5      | Entered Level 5 of the Dungeon
  3288 | D:5      | Acquired Trog's third power
  3288 | D:5      | Reached skill level 9 in Maces & Flails
  3374 | D:5      | Found a deep blue altar of Sif Muna.
  3657 | D:5      | Found a shimmering altar of Xom.
  3687 | D:5      | Reached XP level 7. HP: 22/57 MP: 3/3
  4065 | D:5      | Found a basalt altar of Yredelemnul.
  4232 | D:5      | Reached skill level 10 in Maces & Flails
  4648 | D:6      | Got a crystal great mace
  4683 | D:6      | Found a basalt altar of Yredelemnul.
  4733 | D:6      | Reached skill level 11 in Maces & Flails
  4944 | D:6      | Reached XP level 8. HP: 14/64 MP: 3/3
  5461 | D:6      | Reached skill level 12 in Maces & Flails
  5891 | D:6      | Reached skill level 13 in Maces & Flails
  5959 | D:6      | Identified the +7 great mace "Niqiati Lai" {antimagic, rN+ Int+4} (You found it on level 6 of the Dungeon)
  6065 | D:6      | Found a staircase to the Ecumenical Temple.
  6183 | D:7      | Found an iron altar of Okawaru.
  6201 | D:7      | Reached XP level 9. HP: 70/70 MP: 1/4
  6210 | D:7      | Reached skill level 14 in Maces & Flails
  7037 | D:8      | Found a glowing golden altar of the Shining One.
  7516 | D:8      | Reached skill level 15 in Maces & Flails
  7973 | D:9      | Found an ancient bone altar of Kikubaaqudgha.
  8004 | D:9      | Reached skill level 16 in Maces & Flails
  8013 | D:9      | Reached XP level 10. HP: 66/77 MP: 1/4
  8049 | D:9      | Reached skill level 17 in Maces & Flails
  8446 | D:9      | Found a stormy altar of Qazlal.
  8654 | D:9      | Found a staircase to the Orcish Mines.
  8686 | D:9      | Found a staircase to the Lair.
  8809 | D:9      | Reached skill level 18 in Maces & Flails
  8984 | D:9      | Noticed a gargoyle
  8996 | D:9      | Killed a gargoyle
  9455 | D:9      | Received a gift from Trog
  9626 | Lair:1   | Entered Level 1 of the Lair of Beasts
  9626 | Lair:1   | Noticed a six-headed hydra
  9636 | Lair:1   | Killed a six-headed hydra
  9636 | Lair:1   | Reached XP level 11. HP: 51/82 MP: 1/4
  9952 | Lair:1   | Reached skill level 19 in Maces & Flails
  9986 | Lair:1   | Got a jewelled leather armour
 10845 | Lair:2   | Received a gift from Trog
 10932 | Lair:2   | Noticed Gastronok
 10952 | Lair:2   | Killed Gastronok
 10952 | Lair:2   | Reached skill level 20 in Maces & Flails
 11166 | Lair:2   | Reached skill level 5 in Armour
 11270 | Lair:2   | Noticed Fannar
 11292 | Lair:2   | Killed Fannar
 11547 | Lair:2   | Identified a scroll of acquirement
 11548 | Lair:2   | Got a dazzling hat
 11549 | Lair:2   | Identified the +1 hat of Vigyw {rF+ Stlth+} (You acquired it on level 2 of the Lair of Beasts)
 11639 | Lair:3   | Reached XP level 12. HP: 58/90 MP: 1/5
 11694 | Lair:3   | Received a gift from Trog
 12142 | Lair:3   | Reached skill level 10 in Armour
 12176 | Lair:3   | Found a frozen archway.
 12472 | Lair:3   | Reached skill level 5 in Fighting
 13405 | Lair:4   | Noticed a five-headed hydra
 13415 | Lair:4   | Killed a five-headed hydra
 14563 | Lair:5   | Reached skill level 10 in Fighting
 14693 | Lair:5   | Found a staircase to the Shoals.
 15011 | Lair:5   | Reached XP level 13. HP: 116/116 MP: 1/5
 15183 | Lair:5   | Found a hole to the Spider Nest.
 15247 | Lair:5   | Received a gift from Trog
 17123 | Lair:6   | Received a gift from Trog
 17303 | Lair:6   | Noticed Rupert
 17311 | Lair:6   | Paralysed by Rupert for 6 turns
 17323 | Lair:6   | Killed Rupert
 17323 | Lair:6   | Reached skill level 15 in Fighting
 18003 | D:10     | Entered Level 10 of the Dungeon
 18435 | D:10     | Reached skill level 5 in Dodging
 18941 | D:10     | Received a gift from Trog
 19155 | D:11     | Noticed Urug
 19161 | D:11     | Noticed Psyche
 19161 | D:11     | Killed Urug
 19167 | D:11     | Killed Psyche
 19303 | D:11     | Found Cohififf's Magic Scroll Shop.
 19323 | D:11     | Bought a scroll of identify for 22 gold pieces
 19605 | D:11     | Reached XP level 14. HP: 128/135 MP: 1/5
 20605 | D:12     | Received a gift from Trog
 21448 | Orc:1    | Entered Level 1 of the Orcish Mines
 21535 | Orc:1    | Found Cenimav's Magic Scroll Emporium.
 21542 | Orc:1    | Bought a scroll of identify for 22 gold pieces
 21542 | Orc:1    | Bought a scroll of identify for 22 gold pieces
 21917 | Orc:3    | Found a shimmering altar of Xom.
 22191 | Orc:3    | Received a gift from Trog
 22357 | Orc:2    | Noticed Joseph
 22427 | Orc:2    | Killed Joseph
 23340 | D:13     | Noticed Sonja
 23446 | D:13     | Cast into the Abyss (Sonja)
 23594 | D:13     | Escaped the Abyss
 23598 | D:13     | Found Qodwuist's Magic Scroll Boutique.
 23630 | D:13     | Killed Sonja
 23821 | D:13     | Bought a scroll of blinking for 90 gold pieces
 23821 | D:13     | Bought a scroll of identify for 24 gold pieces
 23821 | D:13     | Bought a scroll of identify for 24 gold pieces
 23842 | D:13     | Gained mutation: You have a pair of large horns on your head. [potion of beneficial mutation]
 24072 | D:13     | Received a gift from Trog
 24684 | D:14     | Noticed Nessos
 24703 | D:14     | Killed Nessos
 24725 | D:14     | Noticed Azrael
 24734 | D:14     | Killed Azrael
 25159 | D:14     | Noticed Frances
 25167 | D:14     | Killed Frances
 25291 | D:14     | Noticed Snorg
 25296 | D:14     | Killed Snorg
 25592 | D:14     | Reached skill level 15 in Armour
 25809 | D:14     | Received a gift from Trog
 25883 | D:14     | Found a gate to the Vaults.
 25923 | D:14     | Got an encrusted flail
 25943 | D:14     | Gained mutation: You are partially covered in rough black scales (AC +4, Dex -1). [potion of mutation]
 25943 | D:14     | Gained mutation: Your vision is a little blurry. [potion of mutation]
 25943 | D:14     | Gained mutation: Your magical capacity is low (-10% MP). [potion of mutation]
 25944 | D:14     | Lost mutation: You have a pair of large horns on your head. [potion of mutation]
 25944 | D:14     | Gained mutation: You can breathe flames. [potion of mutation]
 26146 | D:14     | Lost mutation: You can breathe flames. [potion of cure mutation]
 26146 | D:14     | Lost mutation: Your magical capacity is low (-10% MP). [potion of cure mutation]
 26146 | D:14     | Lost mutation: Your vision is a little blurry. [potion of cure mutation]
 26146 | D:14     | Lost mutation: You are partially covered in rough black scales (AC +4, Dex -1). [potion of cure mutation]
 26313 | D:14     | Reached XP level 15. HP: 144/144 MP: 2/6
 26315 | D:14     | Identified the +9 flail of Yeast {flame, rF- rN+} (You found it on level 14 of the Dungeon)
 26864 | D:15     | Entered Level 15 of the Dungeon
 27162 | D:15     | Found a staircase to the Depths.
 28006 | Lair:7   | Received a gift from Trog
 28219 | Lair:7   | Noticed Erica
 28234 | Lair:7   | Killed Erica
 28686 | Lair:8   | Entered Level 8 of the Lair of Beasts
 29024 | Lair:8   | Found a staircase to the Slime Pits.
 29352 | Lair:8   | Received a gift from Trog
 30216 | Spider:1 | Entered Level 1 of the Spider Nest
 30673 | Spider:1 | Noticed Kirke
 30683 | Spider:1 | Received a gift from Trog
 30688 | Spider:1 | Killed Kirke
 30694 | Spider:1 | Reached XP level 16. HP: 162/162 MP: 2/6
 32288 | Spider:3 | Received a gift from Trog
 32768 | Spider:4 | Reached skill level 21 in Fighting
 33406 | Spider:4 | Received a gift from Trog
 34587 | Orc:4    | Entered Level 4 of the Orcish Mines
 34596 | Orc:4    | Found a staircase to the Elven Halls.
 34744 | Orc:4    | Found a roughly hewn altar of Beogh.
 35106 | Orc:4    | Found a roughly hewn altar of Beogh.
 35106 | Orc:4    | Found Skirac's Jewellery Shop.
 35191 | Orc:4    | Found a roughly hewn altar of Beogh.
 35201 | Orc:4    | Found Voifuecrocs' Antique Armour Boutique.
 35283 | Orc:4    | Found a roughly hewn altar of Beogh.
 35290 | Orc:4    | Received a gift from Trog
 35347 | Orc:4    | Found a roughly hewn altar of Beogh.
 35468 | Orc:4    | Noticed Saint Roka
 35922 | Orc:4    | Found a roughly hewn altar of Beogh.
 35938 | Orc:4    | Found Qiado's Antique Armour Shop.
 35940 | Orc:4    | Found Hasch's Antique Weapon Boutique.
 36029 | Orc:4    | Killed Saint Roka
 36425 | Elf:1    | Entered Level 1 of the Elven Halls
 36864 | Elf:1    | Received a gift from Trog
 36876 | Elf:1    | Found Smiweog's Jewellery Shop.
 36884 | Elf:1    | Bought the ring "Kequgafa" {rPois Int+4 SInv} for 636 gold pieces
 37248 | Elf:1    | Reached XP level 17. HP: 173/173 MP: 2/6
 37488 | Elf:2    | Found Wuqai's Weapon Shop.
 37564 | Elf:2    | Found Quloga's Food Shoppe.
 37680 | Elf:2    | Found Twierurph's Armour Shoppe.
 38200 | Elf:3    | Entered Level 3 of the Elven Halls
 38350 | Elf:3    | Found Thrudih's Assorted Antiques.
 38360 | Elf:3    | Paralysed by a potion of paralysis for 7 turns
 38598 | Elf:3    | Received a gift from Trog
 38724 | Elf:3    | Noticed Asterion
 38734 | Elf:3    | Killed Asterion
 38738 | Elf:3    | Got a warped shield
 39119 | Elf:3    | Cast into the Abyss (deep elf demonologist)
 39143 | Abyss:1  | Noticed a tentacled starspawn
 39156 | Abyss:1  | Killed a tentacled starspawn
 39817 | Abyss:1  | Found a corrupted altar of Lugonu.
 39956 | Abyss:1  | Received a gift from Trog
 39990 | Abyss:1  | Noticed a bone dragon
 40012 | Abyss:1  | Killed a bone dragon
 40106 | Abyss:1  | Reached skill level 22 in Fighting
 40318 | Abyss:1  | Paralysed by accursed screaming for 1 turns
 40374 | Abyss:1  | HP: 6/123 [starcursed mass/accursed screaming (7)]
 40375 | Abyss:1  | HP: 1/123 [starcursed mass/accursed screaming (6)]
 40376 | Abyss:1  | Killed from afar by a starcursed mass

Action                   |  1- 3 |  4- 6 |  7- 9 | 10-12 | 13-15 | 16-18 || total
-------------------------+-------+-------+-------+-------+-------+-------++-------
Melee: Mace              |   156 |   112 |   187 |       |       |       ||   455
       Great mace        |       |       |   132 |   657 |  1377 |  1110 ||  3276
Invok: Berserk           |       |       |     2 |     7 |    17 |    10 ||    36
       Burn Spellbooks   |       |       |     2 |     2 |     5 |     2 ||    11
       Brothers in Arms  |       |       |       |       |       |     2 ||     2
       Trog's Hand       |       |       |       |       |       |     1 ||     1
  Use: Scroll            |     2 |     6 |     9 |     8 |    16 |     6 ||    47
       Potion            |     1 |       |     4 |     7 |    15 |     7 ||    34
